PAAA
ROYSE CITY TARGARYENS @ MILTON DOGFISH HEAD
07/17/2030
 
TOP OF THE 1ST
Royse City Targaryens batting - Pitching for Milton Dogfish Head : RHP Oliver Huerta
Pitching: RHP Oliver Huerta
Batting: SHB Miguel Herrera 0-0: Swinging Strike
0-1: Ball
1-1: Foul Ball, location: 2F
1-2: Ball
2-2: Foul Ball, location: 2F
2-2: Ball
3-2: Fly out, F7 (Flyball, 7)
Batting: RHB Chi-ju Zhang 0-0: Ball
1-0: Called Strike
1-1: Ball
2-1: Foul Ball, location: 2F
2-2: SINGLE (Line Drive, 7S)
Batting: LHB Juan Macíel 0-0: Called Strike
0-1: Ball
1-1: SINGLE (Groundball, 4D)
Chi-ju Zhang to second
Runner from 2nd tries for 3rd, SAFE, throw made to third
Batting: LHB Terrence Eler 0-0: Called Strike
Juan Macíel steals 2nd base
0-1: Called Strike
0-2: Ball
1-2: 3-RUN HOME RUN (Flyball, 9LD), Distance : 419 ft
Batting: RHB Alberto Vargas 0-0: Foul Ball, location: 2F
0-1: Foul Ball, location: 2F
0-2: Ball
1-2: Ball
2-2: Ball
3-2: Foul Ball, location: 2F
3-2: Foul Ball, location: 2F
3-2: Strikes out swinging
Batting: LHB Gonzalo Álvarez 0-0: Called Strike
0-1: Ball
1-1: Called Strike
1-2: Fly out, F8 (Flyball, 89S)
Top of the 1st over - 3 runs, 3 hits, 0 errors, 0 left on base; Royse City 3 - Milton 0
BOTTOM OF THE 1ST
Milton Dogfish Head batting - Pitching for Royse City Targaryens : RHP Joe Pruitt
Pitching: RHP Joe Pruitt
Batting: RHB Miguel Uribe 0-0: Swinging Strike
0-1: Called Strike
0-2: Ball
1-2: Ball
2-2: TRIPLE (Flyball, 8RXD)
Batting: RHB Darrell Terwey 0-0: Called Strike
0-1: Foul Ball, location: 2F
0-2: SINGLE (Groundball, 6D)
Miguel Uribe scores
Batting: RHB Yves Girard Pickoff Throw to First - Out!
0-0: Foul Ball, location: 2F
0-1: Ball
1-1: Ball
2-1: Ground out 6-3 (Groundball, 6)
Batting: SHB Tony Walsh 0-0: Ball
1-0: Ball
2-0: Ball
3-0: Fly out, F9 (Flyball, 9S)
Bottom of the 1st over - 1 run, 2 hits, 0 errors, 0 left on base; Royse City 3 - Milton 1
TOP OF THE 2ND
Royse City Targaryens batting - Pitching for Milton Dogfish Head : RHP Oliver Huerta
Batting: RHB Felipe Campos 0-0: Swinging Strike
0-1: Ball
1-1: Ball
2-1: Swinging Strike
2-2: Ball
3-2: Fly out, F3 (Popup, 3F)
Batting: LHB Ashley Thachi 0-0: Ground out 4-3 (Groundball, 4)
Batting: RHB Junior Pittman 0-0: Swinging Strike
0-1: Called Strike
0-2: Strikes out swinging, 2-3 out at first.
Top of the 2nd over - 0 runs, 0 hits, 0 errors, 0 left on base; Royse City 3 - Milton 1
BOTTOM OF THE 2ND
Milton Dogfish Head batting - Pitching for Royse City Targaryens : RHP Joe Pruitt
Batting: SHB Alejandro Castillo 0-0: Ball
1-0: Ball
2-0: Ball
3-0: Foul Ball, location: 2F
3-1: Called Strike
3-2: Fly out, F4 (Flyball, 34D)
Batting: LHB Edward Woodstock 0-0: Ball
1-0: Ball
2-0: Ground out 3-1 (Groundball, 34S)
Batting: RHB Lorenzo Rosas 0-0: Called Strike
0-1: Ball
1-1: Ball
2-1: Ball
3-1: Ground out 6-3 (Groundball, 6)
Bottom of the 2nd over - 0 runs, 0 hits, 0 errors, 0 left on base; Royse City 3 - Milton 1
TOP OF THE 3RD
Royse City Targaryens batting - Pitching for Milton Dogfish Head : RHP Oliver Huerta
Batting: SHB Miguel Herrera 0-0: Swinging Strike
0-1: Ball
1-1: Ball
2-1: Ball
3-1: Base on Balls
Batting: RHB Chi-ju Zhang 0-0: Called Strike
0-1: Foul Ball, location: 2F
0-2: Ball
1-2: Grounds into double play, 6-4-3 (Groundball, 6)
Batting: LHB Juan Macíel 0-0: Ground out 5-3 (Groundball, 56D)
Top of the 3rd over - 0 runs, 0 hits, 0 errors, 0 left on base; Royse City 3 - Milton 1
BOTTOM OF THE 3RD
Milton Dogfish Head batting - Pitching for Royse City Targaryens : RHP Joe Pruitt
Batting: RHB Bill Tan 0-0: Swinging Strike
0-1: Ball
1-1: Ground out 6-3 (Groundball, 6M)
Batting: SHB Enrique Costello 0-0: Ball
1-0: Foul Ball, location: 2F
1-1: Foul Ball, location: 2F
1-2: Foul Ball, location: 2F
1-2: Foul Ball, location: 2F
1-2: Ball
2-2: Foul Ball, location: 2F
2-2: DOUBLE (Flyball, 89D)
Batting: RHB Miguel Uribe 0-0: SINGLE (Groundball, 6MS) (infield hit)
Enrique Costello to third
Batting: RHB Darrell Terwey 0-0: Ball
1-0: Swinging Strike
1-1: Called Strike
Miguel Uribe steals 2nd base
1-2: Strikes out looking
Batting: RHB Yves Girard 0-0: Called Strike
0-1: Ball
1-1: SINGLE (Groundball, 56) (infield hit)
Enrique Costello scores
Miguel Uribe to third
Batting: SHB Tony Walsh 0-0: Called Strike
0-1: SINGLE (Line Drive, 4MD)
Miguel Uribe scores
Yves Girard to second
Batting: SHB Alejandro Castillo 0-0: Called Strike
0-1: Swinging Strike
0-2: Ball
1-2: Foul Ball, location: 2F
1-2: Ball
2-2: Strikes out swinging
Bottom of the 3rd over - 2 runs, 4 hits, 0 errors, 2 left on base; Royse City 3 - Milton 3
TOP OF THE 4TH
Royse City Targaryens batting - Pitching for Milton Dogfish Head : RHP Oliver Huerta
Batting: LHB Terrence Eler 0-0: Ball
1-0: Ball
2-0: Ball
3-0: Base on Balls
Batting: RHB Alberto Vargas 0-0: Ball
1-0: Ground out 6-3 (Groundball, 6S)
Terrence Eler to second
Batting: LHB Gonzalo Álvarez 0-0: Ball
1-0: Foul Ball, location: 2F
1-1: Foul Ball, location: 2F
1-2: Strikes out looking
Batting: RHB Felipe Campos 0-0: Swinging Strike
0-1: Ball
1-1: SINGLE (Line Drive, 8LS)
Terrence Eler to third
Runner from 3rd tries for Home, SAFE, throw made home
Batting: LHB Ashley Thachi 0-0: Called Strike
0-1: Swinging Strike
0-2: Strikes out swinging
Top of the 4th over - 1 run, 1 hit, 0 errors, 1 left on base; Royse City 4 - Milton 3
BOTTOM OF THE 4TH
Milton Dogfish Head batting - Pitching for Royse City Targaryens : RHP Joe Pruitt
Batting: LHB Edward Woodstock 0-0: Ball
1-0: Called Strike
1-1: SINGLE (Groundball, 34S) (infield hit)
Batting: RHB Lorenzo Rosas 0-0: Ball
1-0: Called Strike
1-1: Called Strike
1-2: Foul Ball, location: 2F
1-2: Ball
2-2: Strikes out swinging
Batting: RHB Bill Tan 0-0: Called Strike
0-1: Fly out, F8 (Flyball, 8RM)
Batting: SHB Enrique Costello 0-0: Called Strike
Edward Woodstock steals 2nd base
0-1: Ball
1-1: Foul Ball, location: 2F
1-2: Ground out U3 (Groundball, 34)
Bottom of the 4th over - 0 runs, 1 hit, 0 errors, 1 left on base; Royse City 4 - Milton 3
TOP OF THE 5TH
Royse City Targaryens batting - Pitching for Milton Dogfish Head : RHP Oliver Huerta
Batting: RHB Junior Pittman 0-0: Ball
1-0: Ball
2-0: SINGLE (Line Drive, 56)
Batting: SHB Miguel Herrera 0-0: Sac Bunt - play at first, batter OUT! 1-3
Junior Pittman to second
Batting: RHB Chi-ju Zhang 0-0: Called Strike
0-1: Called Strike
0-2: Ball
1-2: Ball
2-2: 2-RUN HOME RUN (Flyball, 78D), Distance : 421 ft
Batting: LHB Juan Macíel 0-0: Ball
1-0: Called Strike
1-1: Ball
2-1: Ground out 4-3 (Groundball, 34)
Batting: LHB Terrence Eler 0-0: Swinging Strike
0-1: Called Strike
0-2: SOLO HOME RUN (Flyball, 7LD), Distance : 383 ft
Batting: RHB Alberto Vargas 0-0: Ball
1-0: Ball
2-0: Ball
3-0: Called Strike
3-1: SINGLE (Groundball, 6D)
Batting: LHB Gonzalo Álvarez 0-0: Ball
1-0: Ball
2-0: Fielders Choice at 2nd, U6 (Groundball, 6M)
Top of the 5th over - 3 runs, 4 hits, 0 errors, 1 left on base; Royse City 7 - Milton 3
BOTTOM OF THE 5TH
Milton Dogfish Head batting - Pitching for Royse City Targaryens : RHP Joe Pruitt
Batting: RHB Miguel Uribe 0-0: Foul Ball, location: 2F
0-1: Ball
1-1: Called Strike
1-2: Strikes out swinging
Batting: RHB Darrell Terwey 0-0: Foul Ball, location: 2F
0-1: TRIPLE (Line Drive, 8RXD)
Batting: RHB Yves Girard 0-0: Swinging Strike
0-1: Ground out 5-3 (Groundball, 56)
Darrell Terwey scores
Batting: SHB Tony Walsh 0-0: Foul Ball, location: 2F
0-1: Foul Ball, location: 2F
0-2: DOUBLE (Flyball, 8LXD)
Batting: SHB Alejandro Castillo 0-0: Called Strike
0-1: Ground out 4-3 (Groundball, 4D)
Bottom of the 5th over - 1 run, 2 hits, 0 errors, 1 left on base; Royse City 7 - Milton 4
TOP OF THE 6TH
Royse City Targaryens batting - Pitching for Milton Dogfish Head : RHP Oliver Huerta
Batting: RHB Felipe Campos 0-0: Called Strike
0-1: SINGLE (Line Drive, 4D)
Batting: LHB Ashley Thachi 0-0: Bunt - Flyout! F1
Batting: RHB Junior Pittman 0-0: Called Strike
0-1: Ball
1-1: Ball
2-1: Ball
3-1: Called Strike
3-2: Grounds into double play, 6-4-3 (Groundball, 6)
Top of the 6th over - 0 runs, 1 hit, 0 errors, 0 left on base; Royse City 7 - Milton 4
BOTTOM OF THE 6TH
Milton Dogfish Head batting - Pitching for Royse City Targaryens : RHP Joe Pruitt
Pitching: RHP Javier Mena
Batting: LHB Edward Woodstock 0-0: Ball
1-0: Called Strike
1-1: Foul Ball, location: 2F
1-2: Ball
2-2: Foul Ball, location: 2F
2-2: Ground out 4-3 (Groundball, 34D)
Batting: RHB Lorenzo Rosas 0-0: Foul Ball, location: 2F
0-1: Ball
1-1: Swinging Strike
1-2: Ball
2-2: Ground out 6-3 (Groundball, 6M)
Batting: RHB Bill Tan 0-0: Ball
1-0: Swinging Strike
1-1: Swinging Strike
1-2: Ball
2-2: Foul Ball, location: 2F
2-2: DOUBLE (Line Drive, 7LM)
Batting: SHB Enrique Costello 0-0: Ball
1-0: Ball
2-0: Called Strike
2-1: Ball
3-1: Ground out 6-3 (Groundball, 6)
Bottom of the 6th over - 0 runs, 1 hit, 0 errors, 1 left on base; Royse City 7 - Milton 4
TOP OF THE 7TH
Royse City Targaryens batting - Pitching for Milton Dogfish Head : RHP Oliver Huerta
Pitching: RHP Michael Brown
Batting: SHB Miguel Herrera 0-0: Swinging Strike
0-1: Called Strike
0-2: Strikes out swinging
Batting: RHB Chi-ju Zhang 0-0: Called Strike
0-1: Ball
1-1: Foul Ball, location: 2F
1-2: Fly out, F8 (Flyball, 8LXD)
Batting: LHB Juan Macíel 0-0: Fly out, F4 (Line Drive, 34)
Top of the 7th over - 0 runs, 0 hits, 0 errors, 0 left on base; Royse City 7 - Milton 4
BOTTOM OF THE 7TH
Milton Dogfish Head batting - Pitching for Royse City Targaryens : LHP Ezio Deodato
Pitching: LHP Ezio Deodato
Batting: RHB Miguel Uribe 0-0: Called Strike
0-1: Ball
1-1: Called Strike
1-2: Ball
2-2: Ground out 4-3 (Groundball, 4)
Batting: RHB Darrell Terwey 0-0: Fly out, F9 (Flyball, 9LSF)
Batting: RHB Yves Girard 0-0: Called Strike
0-1: Called Strike
0-2: Ball
1-2: Fly out, F8 (Flyball, 8LD)
Bottom of the 7th over - 0 runs, 0 hits, 0 errors, 0 left on base; Royse City 7 - Milton 4
TOP OF THE 8TH
Royse City Targaryens batting - Pitching for Milton Dogfish Head : RHP Michael Brown
Batting: LHB Terrence Eler 0-0: Foul Ball, location: 2F
0-1: Ball
1-1: Foul Ball, location: 2F
1-2: Ground out 4-3 (Groundball, 4)
Batting: RHB Alberto Vargas 0-0: Ball
1-0: Called Strike
1-1: Ground out 4-3 (Groundball, 4)
Batting: LHB Gonzalo Álvarez 0-0: Called Strike
0-1: Ball
1-1: Swinging Strike
1-2: Ground out 6-3 (Groundball, 6)
Top of the 8th over - 0 runs, 0 hits, 0 errors, 0 left on base; Royse City 7 - Milton 4
BOTTOM OF THE 8TH
Milton Dogfish Head batting - Pitching for Royse City Targaryens : LHP Ezio Deodato
Batting: SHB Tony Walsh 0-0: Ball
1-0: Called Strike
1-1: Ball
2-1: SINGLE (Line Drive, 89S)
Batting: SHB Alejandro Castillo 0-0: Ball
1-0: Grounds into double play, 4-6-3 (Groundball, 4)
Batting: LHB Edward Woodstock 0-0: Foul Ball, location: 2F
0-1: Swinging Strike
0-2: Ball
1-2: Fly out, F8 (Line Drive, 8LD)
Bottom of the 8th over - 0 runs, 1 hit, 0 errors, 0 left on base; Royse City 7 - Milton 4
TOP OF THE 9TH
Royse City Targaryens batting - Pitching for Milton Dogfish Head : RHP Michael Brown
Batting: RHB Felipe Campos 0-0: Ball
1-0: Ground out 6-3 (Groundball, 56)
Batting: LHB Ashley Thachi 0-0: Fly out, F6 (Line Drive, 6M)
Batting: RHB Junior Pittman 0-0: Ground out 5-3 (Groundball, 56)
Top of the 9th over - 0 runs, 0 hits, 0 errors, 0 left on base; Royse City 7 - Milton 4
BOTTOM OF THE 9TH
Milton Dogfish Head batting - Pitching for Royse City Targaryens : LHP Ezio Deodato
Batting: RHB Lorenzo Rosas 0-0: SINGLE (Line Drive, 9S)
Batting: RHB Bill Tan 0-0: SINGLE (Groundball, 6) (infield hit)
Lorenzo Rosas to second
Batting: SHB Enrique Costello 0-0: Ball
1-0: Fly out, F5 (Line Drive, 56)
Batting: RHB Miguel Uribe 0-0: Ball
1-0: Fielders Choice at 2nd, 6-4 (Groundball, 6)
Lorenzo Rosas to third
Batting: RHB Darrell Terwey 0-0: Called Strike
0-1: Ball
1-1: DOUBLE (Line Drive, 9LM)
Lorenzo Rosas scores
Miguel Uribe to third
Pinch Hitting: RHB Rich Flannery 0-0: Ball
1-0: Called Strike
1-1: Ball
2-1: Ball
3-1: Foul Ball, location: 2F
3-2: Base on Balls
Batting: SHB Tony Walsh 0-0: Called Strike
0-1: Ball
1-1: Ball
2-1: Foul Ball, location: 2F
2-2: Strikes out looking
Bottom of the 9th over - 1 run, 3 hits, 0 errors, 3 left on base; Royse City 7 - Milton 5
Sunday, March 18th, 2018 - OOTP Baseball 18.8 Build 76